 Dungeon Crawl Stone Soup version 0.30-a0-800-g7c544603b3 (webtiles) character file.

Game seed: 9352538938058782095

88 jlumianski the Trooper (level 4, -2/36 HPs)
             Began as a Demonspawn Fighter on Feb 21, 2023.
             Slain by a gnoll
             ... wielding a +0 spear
              (6 damage)
             ... on level 2 of the Dungeon.
             The game lasted 00:08:07 (1471 turns).

jlumianski the Trooper (Demonspawn Fighter)         Turns: 1471, Time: 00:08:08

Health: -2/36      AC:  6    Str: 18    XL:     4   Next: 29%
Magic:  4/4        EV:  5    Int:  9    God:
Gold:   57         SH: 12    Dex: 13    Spells: 3/3 levels left

rFire   . . .      SeeInvis .    a - +0 war axe
rCold   . . .      Faith    .    p - +0 tower shield
rNeg    . . .      Spirit   .    b - +0 scale mail
rPois   .          Reflect  .    (no helmet)
rElec   .          Harm     .    (no cloak)
rCorr   .          Rampage  .    (no gloves)
Will    .....                    (no boots) Stlth
                                 (no amulet)
HPRegen 0.26/turn                (no ring)
MPRegen 0.09/turn                (no ring)

@: no status effects
A: weakness stinger 2
a: no special abilities


You were on level 2 of the Dungeon.
You visited 1 branch of the dungeon, and saw 2 of its levels.

You collected 57 gold pieces.

Inventory:

Hand Weapons
 a - a +0 war axe (weapon)
 e - a +2 mace of protection
Missiles
 f - 23 stones (quivered)
Armour
 b - a +0 scale mail (worn)
 c - a +0 buckler
 k - a +0 pair of gloves
 m - a +0 helmet
 p - a +0 tower shield (worn)
Jewellery
 g - a ring of ice
 o - a +6 ring of intelligence
Scrolls
 l - a scroll of fog {unknown}
 q - 2 scrolls of noise {unknown}
 r - a scroll of amnesia {unknown}
 s - a scroll of teleportation {unknown}
Potions
 d - a potion of might
 i - a potion of cancellation
 j - a potion of invisibility
 t - a potion of resistance


   Skills:
 * Level 3.6 Fighting
 + Level 2.4 Axes
 + Level 3.4 Armour
 + Level 0.3 Dodging
 + Level 3.1 Shields


You had 3 spell levels left.
You didn't know any spells.
Your spell library was empty.

Dungeon Overview and Level Annotations

Branches:
Dungeon (2/15)

Altars:


Innate Abilities, Weirdness & Mutations

You have a tail ending in a sharp stinger.


Message History

You closely miss the kobold.
The gnoll shouts!
The gnoll hits you from afar with a +0 spear.
You block the kobold's attack. The kobold hits you with a +0 whip.
The gnoll hits you from afar with a +0 spear!
You barely miss the kobold. The gnoll barely misses you.
You block the kobold's attack.
A kobold comes into view. It is wielding a +0 whip.
The kobold hits you but does no damage. The gnoll barely misses you.
You slash the kobold!
You kill the kobold!
You block the gnoll's attack.
Items here: ( )) †.
The gnoll attacks as you move away! The gnoll hits you with a +0 flail!
You slash the gnoll!
Your tail-slap misses the gnoll.
The gnoll is severely wounded.
You block the gnoll's attack. The gnoll hits you with a +0 flail.
The gnoll hits you from afar with a +0 spear.
* * * LOW HITPOINT WARNING * * *
You closely miss the gnoll.
The gnoll is severely wounded.
You block the gnoll's attack. x2; The gnoll hits you but does no damage. x2
You feel better.
The gnoll hits you from afar with a +0 spear.
You block the gnoll's attack.
You barely miss the gnoll.
Your tail-slap misses the gnoll.
The gnoll is severely wounded.
The gnoll hits you with a +0 flail. You block the gnoll's attack.
The gnoll barely misses you. The gnoll hits you but does no damage.
You barely miss the gnoll.
You tail-slap the gnoll, but do no damage.
The gnoll is severely wounded.
You block the gnoll's attack. x2
You closely miss the gnoll.
The gnoll is severely wounded.
You block the gnoll's attack. The gnoll hits you with a +0 flail!
* * * LOW HITPOINT WARNING * * *
The gnoll hits you but does no damage.
The gnoll hits you from afar with a +0 spear.
You die...

#.# #.# #.# ##### #.#
[...# #.# ############
.##.# #.# #..........#
.##.# #.# #.########.#
.##.# #.###.########.#
..#.###.#.......@ggK.#
.#...#..........###..#
....†.....#.###.# #..#
.#..)#.####.# #.# #..#
..#.##.# #.# #.# #..#
...................K)#
######.####.##..###....
#.# #.##..# ####. ## .#
#..#


You could see 2 gnolls and a kobold.

Vanquished Creatures
  2 adders (D:2)
  2 gnolls
  A dart slug (D:1)
  5 ball pythons
  6 bats
  5 endoplasms
  5 goblins
  3 hobgoblins (D:1)
  4 jackals (D:1)
  2 quokkas (D:1)
  2 frilled lizards (D:1)
  7 kobolds
  A rat (D:1)
  A spectral hobgoblin (D:1)
46 creatures vanquished.

Notes
Turn   | Place    | Note
-------+----------+-------------------------------------------
     0 | D:1      | jlumianski the Demonspawn Fighter began the quest for the
                  | Orb.
     0 | D:1      | Reached XP level 1. HP: 18/18 MP: 1/1
    33 | D:1      | Gained mutation: You have a small tail. [demonic ancestry]
    33 | D:1      | Reached XP level 2. HP: 8/24 MP: 2/2
   201 | D:1      | Found a faded altar of an unknown god.
   380 | D:2      | Reached XP level 3. HP: 13/29 MP: 3/3
   771 | D:1      | Gained mutation: You have a tail ending in a sharp stinger.
                  | [demonic ancestry]
   771 | D:1      | Reached XP level 4. HP: 35/35 MP: 4/4
  1471 | D:2      | Slain by a gnoll

Illustrated notes

Levels and vault maps discovered:
D:1:      dpeg_arrival_tiny_d, layout_loops_corners,
          dreamdust_ecumenical_altar_drowned_temple, minmay_tromino_v7
D:2:      layout_loops_ring

Skill      XL: |  1  2  3 |
---------------+----------+-----
Armour         | 3 |  3.4
Axes           | 2 |  2.4
Shields        | 3 |  3.1
Fighting       | |  3.6
Dodging        | |  0.3

Action                     |  1- 3 |  4- 6 || total
---------------------------+-------+-------++-------
  Melee: War axe           |    90 |    25 ||   115
         Tailslap          |     5 |     4 ||     9
    Use: Scroll            |       |     4 ||     4
         Potion            |       |     1 ||     1
 Armour: Scale mail        |    50 |    12 ||    62
  Dodge: Dodged            |    45 |     8 ||    53
  Block: Buckler           |    30 |     3 ||    33
         Tower shield      |       |    16 ||    16

Table legend: (Time is in decaauts)
 A = Elapsed time spent in this place.
 B = Non-inter-level travel time spent in this place.
 C = Inter-level travel time spent in this place.
 D = Time resting spent in this place.
 E = Time spent auto-exploring this place.
 F = Levels seen in this place.
 G = Mean time per level.
                   A        B        C        D        E       F      G
               +--------+--------+--------+--------+--------+-----+--------+
         Total |   1534 |   1508 |     26 |      0 |    923 |   2 |  767.0 |
       Dungeon |   1534 |   1508 |     26 |      0 |    923 |   2 |  767.0 |
               +--------+--------+--------+--------+--------+-----+--------+

Top non-repeatable levels by time:
     D:1: 1249 daAuts
     D:2: 285 daAuts
